 Dungeon Crawl Stone Soup version 0.31-a0-625-gc9c7e45f3f (webtiles) character file.

Game seed: 5269586036066419033

6432 CrazyBamboolord the Thaumaturge (level 10, -4/74 HPs)
             Began as a Mummy Necromancer on Aug 24, 2023.
             Was a Believer of Kikubaaqudgha.
             Slain by a tengu warrior
             ... wielding a +2 heavy halberd
              (23 damage)
             ... on level 9 of the Dungeon.
             The game lasted 00:35:29 (12947 turns).

CrazyBamboolord the Thaumaturge (MuNe)             Turns: 12947, Time: 00:35:29

Health: -4/74      AC:  9    Str: 12    XL:     10   Next: 67%
Magic:  23/26      EV: 13    Int: 19    God:    Kikubaaqudgha [**....]
Gold:   564        SH:  0    Dex: 12    Spells: 15/33 levels left

rFire   x . .        a - +2 dagger (venom)
rCold   + . .        (no shield)
rNeg    + + +        c - +1 animal skin
rPois   ∞            h - +0 helmet
rElec   .            k - +2 cloak {Stlth+}
rCorr   .            t - +0 pair of gloves
SInv    +            p - +0 pair of boots
Will    +....        (no amulet)
Stlth   +++          v - ring of see invisible
HPRegen 0.32/turn    u - ring of wizardry
MPRegen 0.20/turn

%: faith, wizardry (x1)
@: no status effects
A: cold resistance 1, negative energy resistance 3, torment resistance 2, heat
vulnerability 1, in touch with death 1, no potions, faith
a: Renounce Religion, Unearth Wretches


You were on level 9 of the Dungeon.
You worshipped Kikubaaqudgha.
Kikubaaqudgha was pleased with you.
You visited 2 branches of the dungeon, and saw 10 of its levels.
You also visited: Sewer.

You collected 564 gold pieces.

Inventory:

Hand Weapons
 a - a +2 dagger of venom (weapon)
 b - a +2 arbalest of freezing
 s - a +1 short sword of speed
Missiles
 f - 5 boomerangs
Armour
 c - a +1 animal skin (worn)
 h - a +0 helmet (worn)
 k - a +2 cloak of stealth (worn)
 p - a +0 pair of boots (worn)
 t - a +0 pair of gloves (worn)
Jewellery
 m - a ring of ice
 u - a ring of wizardry (right hand)
 v - a ring of see invisible (left hand)
Wands
 q - a wand of charming (10)
Scrolls
 d - 2 scrolls of teleportation
 e - 3 scrolls of amnesia
 g - 2 scrolls of fog
 i - 2 scrolls of vulnerability
 j - 2 scrolls of poison
 l - 2 scrolls of revelation {unknown}
 n - 2 scrolls of enchant weapon {unknown}
 o - 2 scrolls of blinking
 r - 2 scrolls of immolation


   Skills:
 * Level 5.4 Fighting
 * Level 4.6 Dodging
 + Level 2.2 Stealth
 * Level 12.3 Spellcasting
 * Level 10.8 Necromancy


You had 15 spell levels left.
You knew the following spells:

 Your Spells              Type           Power      Damage    Failure   Level
a - Necrotise             Necr           100%       1d9       1%          1
b - Vampiric Draining     Necr           68%        2d10      1%          3
c - Animate Dead          Necr           68%        N/A       1%          4
d - Agony                 Necr           68%        N/A       1%          5
e - Blink                 Tloc           22%        N/A       3%          2
f - Summon Guardian Gole  Hex/Summ       11%        N/A       7%          3

Your spell library contained the following spells:

 Spells                   Type           Power      Damage    Failure   Level
 Kiss of Death            Conj/Necr      100%       2d13      1%          1
 Cigotuvi's Dreadful Rot  Necr/Pois/Air  76%        N/A       1%          2
 Lesser Beckoning         Tloc           22%        N/A       3%          2
 Momentum Strike          Conj/Tloc      22%        3d8       3%          2
 Gell's Gravitas          Tloc           11%        N/A       7%          3
 Ozocubu's Armour         Ice            11%        N/A       7%          3
 Teleport Other           Tloc           11%        N/A       7%          3
 Dispersal                Tloc           5%         N/A       96%         6
 Orb of Destruction       Conj           5%         9d5       100%        7
 Ozocubu's Refrigeration  Ice            5%         4d8       100%        7
 Spellforged Servitor     Conj/Summ      5%         N/A       100%        7


Dungeon Overview and Level Annotations

Branches:
Dungeon (9/15)             Temple (1/1) D:6           Sewer (visited)
   Lair: D:8-11         Orc: D:9-12

Altars:
Ashenzari
Cheibriados
Dithmenos
Fedhas
Gozag
Kikubaaqudgha
Makhleb
Nemelex Xobeh
Okawaru
Qazlal
Ru
Sif Muna
Trog
Uskayaw
Vehumet
Wu Jian
Xom
Yredelemnul

Shops:
D:6 =

Annotations:
D:6 1 runed translucent door, Seven7's ghost, novice MiFi
D:7 Amaemon


Innate Abilities, Weirdness & Mutations

You are immune to poison.
Your flesh is cold resistant. (rC+)
You are immune to negative energy. (rN+++)
You are immune to unholy pain and torment.
You are vulnerable to heat. (rF-)
You are in touch with the powers of death.
You do not drink.
You have a special connection with the divine. (Faith)


Message History

A tengu warrior comes into view. It is wielding a +2 heavy halberd.
Found a fizzy blue potion.
A tengu warrior is nearby!
A tengu warrior is nearby!
The tengu warrior shouts!
The tengu warrior unwields a +2 heavy halberd.
The tengu warrior wields a +0 arbalest.
The tengu warrior shoots a bolt.
The bolt hits you!
The tengu warrior shoots a bolt.
The bolt barely misses you.
The tengu warrior shoots a bolt.
The bolt hits you!!
The tengu warrior shoots a bolt.
The bolt hits you.
The tengu warrior shoots a bolt.
The bolt hits you!
The tengu warrior shoots a bolt.
The bolt hits you!
* * * LOW HITPOINT WARNING * * *
Unknown command.
You swap places.
The tengu warrior shoots a bolt.
The bolt hits your yak zombie!
Unknown command.
You swap places.
The tengu warrior shoots a bolt.
The bolt hits your yak zombie!!
Your yak zombie is destroyed!
The tengu warrior shoots a bolt.
The bolt hits your yak zombie!!
The tengu warrior shoots a bolt.
The bolt hits your yak zombie!!
Your yak zombie is destroyed!
You start resting.
Something hits your yak zombie!!
Your yak zombie is destroyed!
You start resting.
A tengu warrior is nearby!
Casting: Necrotise (safe; 1% risk of failure)
Confirm with . or Enter, or press ? or * to list all spells.
Aiming: Vampiric Draining (safe; 1% risk of failure)
Press: ? - help, Shift-Dir - straight line, f - tengu warrior
Aim: a tengu warrior, wielding a +2 heavy halberd and wearing a +0 leather armour You feel a surge of power!
You draw life force from the tengu warrior!
You feel life coursing into your body!
The tengu warrior hits you with a +2 heavy halberd!!
You die...
Kikubaaqudgha rasps: "You have failed me!
Welcome... oblivion!"

..#......#..... #....##.......#
..#......#.....#..............#
..#...######## ######.........#
..#...# ######.........#
..#...# ..#.##.........#
..##### #.#Q##.........# ...#
#.#.############ ...# #.#Z#
...# #####@#.# ...### #...#.Q.#
.....#######.#.###.#
..##...Z.ZZZ.#.....#
..##########.#.#.### ...#
..#.#.# ...# .###.#.# ..## #.
..#.# ..# # ###.#


You could see a tengu warrior.

Vanquished Creatures
  A wyvern (D:8)
  9 yaks
  Eustachio (D:4)
  Grum (D:8)
  A steam dragon (D:8)
  Edmund (D:4)
  4 orc warriors
  2 sky beasts (D:7)
  3 ice beasts
  An ogre (D:7)
  2 black bears (D:7)
  2 wolves (D:8)
  3 phantoms
  7 bullfrogs
  3 scorpions (D:5)
  3 killer bees (D:7)
  A howler monkey (D:9)
  6 hounds
  Crazy Yiuf (D:2)
  2 jellies
  An orc priest (D:6)
  A sleepcap (D:4)
  Ijyb (D:4)
  3 iguanas
  3 orc wizards
  Robin (D:2)
  5 gnolls (D:5)
  4 river rats (Sewer)
  27 adders
  2 shadow imps
  3 ufetubi
  2 dart slugs
  31 orcs
  3 endoplasms
  8 giant cockroaches
  43 goblins
  33 hobgoblins
  6 jackals
  9 kobolds
  2 quokkas
  10 ball pythons
  5 bats
  3 frilled lizards
  23 rats
283 creatures vanquished.

Vanquished Creatures (collateral kills)
  An orange demon (D:8)
  A yak (D:9)
  2 wolves (D:8)
  A bullfrog (Sewer)
  A killer bee (D:7)
  A jelly (D:7)
  An orc wizard (D:8)
  A gnoll (D:5)
  An adder (D:6)
  An orc (D:7)
  6 goblins
  2 hobgoblins
  2 jackals (D:5)
  4 ball pythons (Sewer)
  2 kobolds
  10 rats (Sewer)
37 creatures vanquished.

Vanquished Creatures (others)
  3 yaks
  8 yak zombies
  A wolf zombie (D:8)
  A scorpion zombie (D:5)
  A gnoll zombie (D:8)
  A steam dragon zombie (D:8)
  An iguana zombie (D:6)
  4 adder zombies
  2 goblin zombies (D:5)
  A hobgoblin zombie (D:5)
  9 orc zombies
32 creatures vanquished.

Grand Total: 352 creatures vanquished

Notes
Turn   | Place    | Note
-------+----------+-------------------------------------------
     0 | D:1      | CrazyBamboolord the Mummy Necromancer began the quest for
                  | the Orb.
     0 | D:1      | Reached XP level 1. HP: 13/13 MP: 4/4
   192 | D:1      | Reached skill level 3 in Spellcasting
   192 | D:1      | Reached XP level 2. HP: 19/19 MP: 0/6
  1267 | D:2      | Gained mutation: You are in touch with the powers of death.
                  | [Mummy growth]
  1267 | D:2      | Reached XP level 3. HP: 9/24 MP: 1/8
  1352 | D:2      | You fall into a shaft and drop 1 floor!
  1487 | D:3      | Reached skill level 4 in Spellcasting
  1529 | D:3      | Found a glowing drain.
  1566 | Sewer    | Entered a sewer
  1626 | Sewer    | Reached XP level 4. HP: 31/31 MP: 8/10
  1881 | Sewer    | Reached skill level 5 in Necromancy
  2010 | Sewer    | Reached XP level 5. HP: 36/36 MP: 7/12
  2022 | Sewer    | Learned a level 3 spell: Vampiric Draining
  2254 | Sewer    | Reached skill level 1 in Fighting
  2254 | Sewer    | Reached skill level 5 in Spellcasting
  2261 | Sewer    | Reached XP level 6. HP: 7/43 MP: 1/14
  2739 | D:2      | Noticed Robin
  2860 | D:2      | Killed Robin
  3114 | D:2      | Found a runed translucent door.
  3115 | D:2      | Noticed Crazy Yiuf
  3193 | D:2      | Killed Crazy Yiuf
  3632 | D:3      | Learned a level 4 spell: Animate Dead
  3638 | D:3      | Learned a level 5 spell: Agony
  3763 | D:3      | Found a faded altar of an unknown god.
  3893 | D:4      | Reached skill level 6 in Spellcasting
  4168 | D:4      | Noticed Eustachio
  4317 | D:4      | Killed Eustachio
  4318 | D:4      | Reached XP level 7. HP: 46/51 MP: 4/16
  4458 | D:4      | Noticed Edmund
  4473 | D:4      | Killed Edmund
  5026 | D:4      | Reached skill level 7 in Spellcasting
  5353 | D:4      | Noticed Ijyb
  5367 | D:4      | Killed Ijyb
  5608 | D:5      | Entered Level 5 of the Dungeon
  5611 | D:5      | Found a shimmering blue altar of Sif Muna.
  5875 | D:5      | Reached XP level 8. HP: 57/57 MP: 10/19
  6104 | D:5      | Reached skill level 8 in Spellcasting
  7322 | D:6      | Found a hide-covered altar of Uskayaw.
  7648 | D:6      | Reached skill level 9 in Spellcasting
  7961 | D:6      | Reached XP level 9. HP: 65/65 MP: 18/22
  8102 | D:6      | Found Roah Putheg's Jewellery Shoppe.
  8287 | D:6      | Found a runed translucent door.
  8293 | D:6      | Noticed Seven7's ghost (novice MiFi)
  8301 | D:6      | Found a staircase to the Ecumenical Temple.
  8313 | Temple   | Entered the Ecumenical Temple
  8335 | Temple   | Became a worshipper of Kikubaaqudgha
  8929 | D:7      | Reached skill level 10 in Spellcasting
  9484 | D:7      | Reached * piety under Kikubaaqudgha
  9484 | D:7      | Received a gift from Kikubaaqudgha
  9626 | D:7      | Found a sparkling altar of Nemelex Xobeh.
  9627 | D:7      | Found an opulent altar of Gozag.
 10282 | D:8      | Reached skill level 11 in Spellcasting
 10283 | D:8      | Noticed Amaemon
 10480 | D:8      | Noticed an orange demon
 10495 | D:8      | Reached XP level 10. HP: 60/73 MP: 0/25
 11434 | D:8      | Identified the +5 chain mail of the Gate {Rampage rN++
                  | Str+2 Stlth+}
 11579 | D:8      | Killed an orange demon
 11586 | D:8      | Reached skill level 5 in Fighting
 12000 | D:8      | Reached ** piety under Kikubaaqudgha
 12136 | D:8      | Noticed Grum
 12143 | D:8      | Reached skill level 10 in Necromancy
 12157 | D:8      | Killed Grum
 12158 | D:8      | Reached skill level 12 in Spellcasting
 12161 | D:8      | Your ally Grum died
 12524 | D:9      | Learned a level 2 spell: Blink
 12528 | D:9      | Learned a level 3 spell: Summon Guardian Golem
 12930 | D:9      | Noticed a tengu warrior
 12947 | D:9      | Slain by a tengu warrior

Illustrated notes

Levels and vault maps discovered:
D:1:      dpeg_arrival_subterranean_lakeside_camping, layout_loops_cross,
          kennysheep_minor_cross, minivault_14, feat_on_display
D:2:      layout_basic, uniq_crazy_yiuf_cottage, uniq_robin
D:3:      layout_basic, elyvilon_altar_4,
          shapermc_ecumenical_altar_mp_highgroup, gup_sewer_entry_glass
D:4:      kennysheep_the_goblin_king, layout_loops_corners, uniq_eustachio,
          uniq_edmund
D:5:      minmay_goblin_kobold_castle, layout_basic,
          nicolae_sif_muna_condensation, kennysheep_doodads
D:6:      layout_basic, mainiacjoe_overflow_boulevard,
          minmay_temple_entry_statues_fountains, serial_shops, shop,
          hellmonk_ghost_happy_afterlife, nicolae_half_adder
D:7:      layout_basic, grunt_temple_overflow_opulence, minmay_checkerbox
D:8:      layout_rooms, serial_co_window_serial, co_window_paths_b,
          co_window_paths_a, co_window_paths_b, co_window_of_opportunity_a,
          co_window_of_opportunity_a, co_window_2corner,
          co_window_unsneaky_path_a, co_window_unsneaky_path_e,
          co_window_broadway_a, co_window_paths_d, glass_columns_a,
          eino_tiny_chamber, amcnicky_mini_corridor_feature,
          amcnicky_mini_pool_small, uniq_grum, uniq_amaemon
D:9:      layout_gridville, wad_mini_maze
Temple:   regret_index_temple_sphere_string

Skill      XL: |  1  2  3  4  5  6  7  8  9 10 |
---------------+-------------------------------+-----
Spellcasting   | 3 4 5 6 7 9 11 12 | 12.3
Dodging        | 2 3 4 |  4.6
Necromancy     | 5 6 8 9 10 | 10.8
Fighting       | 1 2 3 4 5 |  5.4
Stealth        | 2 |  2.2

Action                     |  1- 3 |  4- 6 |  7- 9 | 10-12 || total
---------------------------+-------+-------+-------+-------++-------
  Melee: Unarmed           |    34 |    40 |    22 |       ||    96
         Punch             |     1 |     1 |     3 |       ||     5
         Dagger            |       |       |    73 |    13 ||    86
         Short sword       |       |       |   147 |    21 ||   168
  Throw: Boomerang         |       |       |       |     6 ||     6
   Cast: Necrotise         |    78 |   151 |   238 |    31 ||   498
         Vampiric Draining |       |    16 |    61 |    42 ||   119
         Animate Dead      |       |       |     8 |     3 ||    11
         Agony             |       |       |     2 |     2 ||     4
         Summon Guardian G |       |       |       |     2 ||     2
  Evoke: Wand              |       |       |    10 |     9 ||    19
    Use: Scroll            |     4 |     7 |     4 |       ||    15
   Stab: Sleeping          |       |       |     1 |       ||     1
 Armour: Robe              |    13 |    28 |       |       ||    41
         Animal skin       |       |    31 |   188 |    45 ||   264
  Dodge: Dodged            |    48 |   128 |   335 |   100 ||   611

Table legend: (Time is in decaauts)
 A = Elapsed time spent in this place.
 B = Non-inter-level travel time spent in this place.
 C = Inter-level travel time spent in this place.
 D = Time resting spent in this place.
 E = Time spent auto-exploring this place.
 F = Levels seen in this place.
 G = Mean time per level.
                   A        B        C        D        E       F      G
               +--------+--------+--------+--------+--------+-----+--------+
         Total |  12976 |  12183 |    793 |   1900 |   7797 |  11 | 1179.6 |
       Dungeon |  12010 |  11259 |    751 |   1746 |   7247 |   9 | 1334.4 |
        Temple |     44 |      2 |     42 |      0 |      0 |   1 |   44.0 |
         Sewer |    921 |    921 |      0 |    154 |    550 |   1 |  921.0 |
               +--------+--------+--------+--------+--------+-----+--------+

Top non-repeatable levels by time:
     D:5: 1998 daAuts
     D:7: 1924 daAuts
     D:4: 1630 daAuts
     D:8: 1537 daAuts
     D:6: 1361 daAuts
     D:1: 1232 daAuts
     D:3: 968 daAuts
   Sewer: 921 daAuts
     D:2: 918 daAuts
     D:9: 438 daAuts
  Temple: 44 daAuts
